 Dungeon Crawl Stone Soup version 0.20.0-8-g6b59dc7 (webtiles) character file.

95 Fv001 the Skirmisher (level 4, -5/35 HPs)
             Began as a Demonspawn Fighter on June 1, 2017.
             Was a Follower of Cheibriados.
             Slain by an ice beast (10 damage)
             ... on level 3 of the Dungeon.
             The game lasted 00:04:45 (2260 turns).

Fv001 the Skirmisher (Demonspawn Fighter)           Turns: 2260, Time: 00:04:46

Health: -5/35      AC:  8    Str: 25    XL:     4   Next: 39%
Magic:  4/4        EV:  8    Int: 13    God:    Cheibriados [*.....]
Gold:   84         SH: 10    Dex: 15    Spells: 3/3 levels left

rFire    . . .     SeeInvis .   a - +0 war axe
rCold    . . .     Gourm    .   c - +0 shield
rNeg     . . .     Faith    .   k - +0 scale mail
rPois    .         Spirit   .   i - +0 helmet
rElec    .         Reflect  .   (no cloak)
rCorr    .         Harm     .   (no gloves)
MR       .....                  (no boots)
Stlth    +.........             (no amulet)
Regen    0.2/turn               (no ring)
MPRegen  0.1/turn               (no ring)

@: mighty, very slow
A: claws 1, nightstalker 1
a: Bend Time, Renounce Religion


You were on level 3 of the Dungeon.
You worshipped Cheibriados.
Cheibriados was aware of your devotion.
You were not hungry.

You visited 1 branch of the dungeon, and saw 3 of its levels.

You collected 84 gold pieces.

Inventory:

Hand Weapons
 a - a +0 war axe (weapon)
 b - a +0 dagger
 u - a +0 club
Armour
 c - a +0 shield (worn)
 i - a +0 helmet (worn)
 k - a +0 scale mail (worn)
Scrolls
 e - a scroll of enchant armour {unknown}
 j - 4 scrolls of identify {unknown}
 l - 2 scrolls of remove curse {unknown}
 m - a scroll of recharging {unknown}
 p - a scroll of blinking {unknown}
 r - a scroll of random uselessness {unknown}
 t - a scroll of immolation {unknown}
Potions
 g - a potion of mutation {unknown}
 o - a potion of brilliance {unknown}
 v - a potion of curing
Comestibles
 f - 4 bread rations
 h - 6 fruits
 n - a meat ration
 q - a royal jelly
 s - 5 chunks of flesh


   Skills:
 + Level 3.2 Fighting
 + Level 0.5 Short Blades
 - Level 2.5 Axes
 * Level 0.0(1.4) Maces & Flails
 + Level 3.2 Armour
 + Level 1.1 Dodging
 + Level 1.1 Stealth
 + Level 2.9 Shields
 * Level 0.6 Invocations


You had 3 spell levels left.
You didn't know any spells.

Dungeon Overview and Level Annotations

Branches:
Dungeon (3/15)

Altars:
Cheibriados


Innate Abilities, Weirdness & Mutations

You have sharp fingernails.
You are slightly more attuned to the shadows.


Message History

You block the ice beast's attack. The ice beast hits you.
The ice beast freezes you!
You hit the ice beast but do no damage.
The ice beast hits you but does no damage.
You feel very mighty all of a sudden. You block the ice beast's attack.
You slash the ice beast!
The ice beast is heavily wounded.
You block the ice beast's attack. The ice beast hits you.
The ice beast freezes you!
* * * LOW HITPOINT WARNING * * *
You barely miss the ice beast.
The ice beast is heavily wounded.
You block the ice beast's attack.
You closely miss the ice beast.
The ice beast is heavily wounded.
The ice beast hits you.
* * * LOW HITPOINT WARNING * * *
The ice beast freezes you!
You die...

#.# #># ####### #..
#.....# #.# ##.###.#
#.# .......# #)#
##.##..# ##@######
.......# #.Y.....#
#...#.#########...###!.
......................
#...#.#########...###.
......# ....# ##.####
.#.### ...# .#.# ####
#..


You could see an ice beast.

Vanquished Creatures
  4 adders (D:2)
  An ooze (D:2)
  A worm (D:1)
  A dart slug (D:2)
  A leopard gecko (D:3)
  An orc (D:3)
  2 giant cockroaches
  6 goblins
  4 hobgoblins
  3 quokkas
  8 bats
  5 frilled lizards
  6 kobolds
  5 rats (D:1)
48 creatures vanquished.

Notes
Turn   | Place    | Note
-------+----------+-------------------------------------------
     0 | D:1      | Fv001 the Demonspawn Fighter began the quest for the Orb.
     0 | D:1      | Reached XP level 1. HP: 18/18 MP: 1/1
   159 | D:1      | Gained mutation: You are slightly more attuned to the shadows. [demonic ancestry]
   159 | D:1      | Reached XP level 2. HP: 21/24 MP: 2/2
   542 | D:1      | Found a snail-covered altar of Cheibriados.
   547 | D:1      | Became a worshipper of Cheibriados the Contemplative
  1002 | D:2      | Gained mutation: You have sharp fingernails. [demonic ancestry]
  1002 | D:2      | Reached XP level 3. HP: 25/29 MP: 3/3
  1308 | D:2      | Reached * piety under Cheibriados
  1308 | D:2      | Reached skill level 1 in Stealth
  1426 | D:2      | Reached skill level 1 in Dodging
  1757 | D:2      | Reached XP level 4. HP: 34/35 MP: 4/4
  2251 | D:3      | Noticed an ice beast
  2260 | D:3      | Slain by an ice beast

Skill      XL: |  1  2  3 |
---------------+----------+-----
Axes           | 2 |  2.5
Armour         | 3 |  3.2
Stealth        | 1 |  1.1
Dodging        | 1 |  1.1
Fighting       | |  3.2
Short Blades   | |  0.5
Shields        | |  2.9
Invocations    | |  0.6

Action                   |  1- 3 |  4- 6 || total
-------------------------+-------+-------++-------
Melee: War axe           |   124 |    38 ||   162
  Use: Potion            |     1 |     1 ||     2
  Eat: Chunk             |     2 |     1 ||     3
Armor: Scale mail        |    70 |    17 ||    87
Dodge: Dodged            |    46 |    17 ||    63
Block: Shield            |    70 |    19 ||    89
